[ AOE2 MATCH · #513782316 ]
UnrankedHuns vs Incas
Player's team · WIN
Rival team · LOSS
[ REPLAY ANALYSIS · EXTRACTED FROM THE RECORDED GAME ]
Feudal
10:37
Castle
27:47
Imperial
—
| APM avg | 69.8 |
| APM peak | 107 |
| eAPM avg | 25.9 |
| Villagers / military | 63 / 39 |
Focus
⚔️ 39.5% · 🌾 60.5%
Archer ×13 · Skirmisher ×12 · Scout Cavalry ×9 · Knight ×4 · Mangonel ×1
Feudal
9:15
Castle
24:42
Imperial
—
| APM avg | 60.9 |
| APM peak | 88 |
| eAPM avg | 28.4 |
| Villagers / military | 61 / 47 |
Focus
⚔️ 36.1% · 🌾 63.9%
Skirmisher ×23 · Spearman ×15 · Mangonel ×5 · Scorpion ×2 · Monk ×1 · Petard ×1
Match map
Initial resources + every placement click. Lines = walls · curves = elevation contours. ◆ gold · ⬟ stone · ● berries · ✦ relic · ◌ wall gap
Your base· Open — 4t gap
m0re's base· Open — 3t gap
Smoothed initial terrain · ◌ = detected wall gap · hover for details
Inputs per minute
— Valas - - m0re
Build order — Valas
First 150 of 198 actions detected
| 0:00 | Queue | Villager (Male) |
| 0:00 | Queue | Villager (Male) |
| 0:01 | Queue | Villager (Male) |
| 0:01 | Queue | Villager (Male) |
| 1:12 | Queue | Villager (Male) |
| 1:42 | Queue | Villager (Male) |
| 2:20 | Queue | Villager (Male) |
| 2:37 | Queue | Villager (Male) |
| 3:06 | Build | Lumber Camp |
| 3:07 | Queue | Villager (Male) |
| 3:28 | Queue | Villager (Male) |
| 3:41 | Queue | Villager (Male) |
| 3:56 | Queue | Villager (Male) |
| 4:07 | Queue | Villager (Male) |
| 4:37 | Build | Palisade Gate |
| 4:39 | Build | Palisade Gate |
| 4:46 | Build | Palisade Wall |
| 4:49 | Queue | Villager (Male) |
| 5:01 | Queue | Villager (Male) |
| 5:26 | Queue | Villager (Male) |
| 5:33 | Build | Palisade Wall |
| 5:34 | Build | Palisade Wall |
| 5:35 | Build | Palisade Wall |
| 5:52 | Build | Mill |
| 6:13 | Queue | Villager (Male) |
| 6:27 | Queue | Villager (Male) |
| 6:32 | Build | Barracks |
| 6:43 | Queue | Villager (Male) |
| 7:11 | Queue | Villager (Male) |
| 7:21 | Build | Mill |
| 7:29 | Queue | Villager (Male) |
| 7:52 | Research | Loom |
| 8:01 | Build | Palisade Wall |
| 8:01 | Build | Palisade Wall |
| 8:02 | Build | Palisade Wall |
| 8:02 | Build | Palisade Wall |
| 8:21 | Build | Palisade Wall |
| 8:24 | Build | Palisade Wall |
| 8:25 | Build | Palisade Wall |
| 8:27 | Research | Feudal Age |
| 10:00 | Build | Mining Camp |
| 10:33 | Queue | Villager (Male) |
| 10:37 | Age | Feudal Age |
| 10:40 | Queue | Villager (Male) |
| 10:44 | Build | Archery Range |
| 10:57 | Queue | Villager (Male) |
| 11:04 | Queue | Villager (Male) |
| 11:12 | Queue | Villager (Male) |
| 11:19 | Build | Farm |
| 11:20 | Build | Farm |
| 11:22 | Build | Farm |
| 11:22 | Build | Farm |
| 11:25 | Build | Farm |
| 11:27 | Queue | Archer |
| 11:29 | Build | Farm |
| 11:29 | Build | Farm |
| 11:31 | Queue | Villager (Male) |
| 11:46 | Research | Double-Bit Axe |
| 11:49 | Queue | Archer |
| 11:56 | Queue | Villager (Male) |
| 12:01 | Build | Farm |
| 12:10 | Queue | Villager (Male) |
| 12:24 | Build | Watch Tower |
| 12:34 | Queue | Archer |
| 12:40 | Queue | Villager (Male) |
| 13:02 | Queue | Villager (Male) |
| 13:07 | Build | Blacksmith |
| 13:15 | Queue | Archer |
| 13:17 | Queue | Villager (Male) |
| 13:36 | Queue | Villager (Male) |
| 13:38 | Build | Farm |
| 13:39 | Research | Horse Collar |
| 13:47 | Queue | Archer |
| 13:53 | Build | Farm |
| 14:07 | Research | Fletching |
| 14:13 | Queue | Villager (Male) |
| 14:35 | Queue | Villager (Male) |
| 14:48 | Queue | Villager (Male) |
| 14:49 | Queue | Archer |
| 15:15 | Queue | Villager (Male) |
| 15:23 | Queue | Archer |
| 15:40 | Queue | Archer |
| 15:41 | Queue | Villager (Male) |
| 15:51 | Queue | Villager (Male) |
| 16:06 | Queue | Villager (Male) |
| 16:07 | Build | Stable |
| 16:32 | Queue | Archer |
| 16:33 | Queue | Villager (Male) |
| 16:35 | Build | Mining Camp |
| 16:40 | Build | Farm |
| 16:41 | Build | Farm |
| 16:42 | Build | Farm |
| 16:42 | Build | Farm |
| 16:50 | Build | Palisade Wall |
| 16:52 | Queue | Villager (Male) |
| 17:03 | Queue | Archer |
| 17:05 | Queue | Scout Cavalry |
| 17:06 | Queue | Scout Cavalry |
| 17:10 | Build | Farm |
| 17:21 | Build | Farm |
| 17:22 | Build | Farm |
| 17:24 | Build | Outpost |
| 17:33 | Build | Farm |
| 17:41 | Queue | Villager (Male) |
| 17:43 | Queue | Scout Cavalry |
| 17:45 | Build | Archery Range |
| 17:58 | Queue | Scout Cavalry |
| 18:00 | Queue | Archer |
| 18:13 | Build | Palisade Wall |
| 18:17 | Build | Farm |
| 18:18 | Queue | Villager (Male) |
| 18:22 | Build | Mill |
| 18:29 | Build | Palisade Wall |
| 18:34 | Build | Watch Tower |
| 18:42 | Build | Palisade Gate |
| 18:57 | Queue | Villager (Male) |
| 19:07 | Queue | Villager (Male) |
| 19:22 | Queue | Villager (Male) |
| 19:44 | Queue | Scout Cavalry |
| 19:48 | Queue | Skirmisher |
| 19:48 | Queue | Skirmisher |
| 19:51 | Build | Farm |
| 19:51 | Build | Farm |
| 19:53 | Build | Farm |
| 19:54 | Build | Farm |
| 19:54 | Build | Farm |
| 19:58 | Queue | Villager (Male) |
| 20:16 | Queue | Villager (Male) |
| 20:20 | Build | Palisade Wall |
| 20:22 | Queue | Villager (Male) |
| 20:28 | Queue | Skirmisher |
| 20:28 | Queue | Skirmisher |
| 20:30 | Queue | Scout Cavalry |
| 20:51 | Build | Farm |
| 20:56 | Queue | Villager (Male) |
| 20:57 | Queue | Skirmisher |
| 20:57 | Queue | Skirmisher |
| 21:00 | Queue | Scout Cavalry |
| 21:16 | Queue | Villager (Male) |
| 21:23 | Queue | Skirmisher |
| 21:23 | Queue | Skirmisher |
| 21:34 | Build | Mining Camp |
| 21:46 | Queue | Skirmisher |
| 21:46 | Queue | Skirmisher |
| 21:50 | Queue | Scout Cavalry |
| 21:53 | Queue | Villager (Male) |
| 22:21 | Build | Farm |
| 22:23 | Queue | Scout Cavalry |
| 22:33 | Queue | Villager (Male) |
| 22:44 | Queue | Villager (Male) |
Build order — m0re
First 150 of 217 actions detected
| 0:00 | Queue | Villager (Male) |
| 0:00 | Queue | Villager (Male) |
| 0:01 | Build | House |
| 0:05 | Queue | Villager (Male) |
| 0:05 | Queue | Villager (Male) |
| 1:09 | Queue | Villager (Male) |
| 2:07 | Queue | Villager (Male) |
| 2:07 | Queue | Villager (Male) |
| 2:14 | Build | Palisade Wall |
| 2:16 | Build | Palisade Wall |
| 2:16 | Build | Palisade Wall |
| 2:17 | Build | Palisade Wall |
| 2:17 | Build | Palisade Wall |
| 2:18 | Build | Palisade Wall |
| 2:18 | Build | Palisade Wall |
| 2:20 | Build | Settlement |
| 2:29 | Queue | Villager (Male) |
| 2:35 | Build | Palisade Wall |
| 2:37 | Build | Palisade Wall |
| 2:38 | Build | Palisade Wall |
| 2:39 | Build | Palisade Wall |
| 3:02 | Queue | Villager (Male) |
| 3:30 | Queue | Villager (Male) |
| 3:30 | Queue | Villager (Male) |
| 4:23 | Queue | Villager (Male) |
| 5:07 | Queue | Villager (Male) |
| 5:35 | Queue | Villager (Male) |
| 6:01 | Queue | Villager (Male) |
| 6:09 | Build | Settlement |
| 6:25 | Research | Loom |
| 7:05 | Research | Feudal Age |
| 7:24 | Build | Palisade Wall |
| 8:14 | Build | Palisade Wall |
| 8:17 | Build | Palisade Wall |
| 8:31 | Build | Barracks |
| 9:15 | Age | Feudal Age |
| 9:16 | Queue | Villager (Male) |
| 9:25 | Queue | Villager (Male) |
| 9:34 | Queue | Spearman |
| 9:34 | Queue | Spearman |
| 9:42 | Research | Double-Bit Axe |
| 9:42 | Research | Horse Collar |
| 9:46 | Queue | Spearman |
| 9:49 | Queue | Villager (Male) |
| 10:04 | Build | Watch Tower |
| 10:07 | Queue | Villager (Male) |
| 10:12 | Build | Watch Tower |
| 10:16 | Build | Farm |
| 10:26 | Queue | Spearman |
| 10:32 | Queue | Villager (Male) |
| 10:42 | Queue | Spearman |
| 11:06 | Build | Archery Range |
| 11:21 | Build | Watch Tower |
| 11:25 | Build | Watch Tower |
| 11:27 | Queue | Villager (Male) |
| 11:39 | Build | Palisade Wall |
| 11:39 | Build | Palisade Wall |
| 11:39 | Build | Palisade Wall |
| 11:40 | Build | Palisade Wall |
| 11:40 | Build | Palisade Wall |
| 11:40 | Build | Palisade Wall |
| 11:51 | Build | Farm |
| 11:51 | Build | Farm |
| 11:55 | Build | House |
| 11:57 | Queue | Villager (Male) |
| 12:13 | Build | Watch Tower |
| 12:14 | Queue | Villager (Male) |
| 12:35 | Queue | Skirmisher |
| 12:38 | Build | Farm |
| 12:38 | Build | Farm |
| 12:48 | Queue | Skirmisher |
| 12:48 | Queue | Skirmisher |
| 12:53 | Build | Palisade Wall |
| 12:58 | Queue | Villager (Male) |
| 13:00 | Build | Farm |
| 13:08 | Queue | Skirmisher |
| 13:13 | Queue | Skirmisher |
| 13:19 | Build | House |
| 13:32 | Queue | Villager (Male) |
| 13:48 | Build | Blacksmith |
| 13:49 | Queue | Villager (Male) |
| 14:01 | Queue | Skirmisher |
| 14:02 | Queue | Skirmisher |
| 14:15 | Build | Watch Tower |
| 14:17 | Queue | Villager (Male) |
| 14:21 | Queue | Skirmisher |
| 14:27 | Build | Palisade Wall |
| 14:28 | Build | Palisade Wall |
| 14:30 | Build | Farm |
| 14:45 | Queue | Villager (Male) |
| 15:22 | Queue | Villager (Male) |
| 15:29 | Queue | Villager (Male) |
| 15:33 | Queue | Villager (Male) |
| 15:43 | Queue | Skirmisher |
| 15:59 | Queue | Spearman |
| 16:10 | Queue | Villager (Male) |
| 16:15 | Build | Farm |
| 16:16 | Build | Farm |
| 16:16 | Build | Farm |
| 16:24 | Queue | Villager (Male) |
| 16:25 | Build | Farm |
| 16:26 | Build | Farm |
| 16:26 | Build | Farm |
| 16:26 | Build | Farm |
| 16:26 | Build | Farm |
| 16:35 | Queue | Villager (Male) |
| 16:46 | Queue | Skirmisher |
| 16:52 | Build | Watch Tower |
| 17:00 | Queue | Villager (Male) |
| 17:13 | Research | Fletching |
| 17:16 | Build | Farm |
| 17:33 | Queue | Skirmisher |
| 17:33 | Queue | Skirmisher |
| 17:34 | Queue | Skirmisher |
| 17:41 | Queue | Villager (Male) |
| 17:58 | Queue | Skirmisher |
| 17:59 | Queue | Skirmisher |
| 18:01 | Queue | Villager (Male) |
| 18:04 | Queue | Villager (Male) |
| 18:10 | Queue | Villager (Male) |
| 18:13 | Queue | Villager (Male) |
| 18:19 | Build | Farm |
| 18:32 | Build | Watch Tower |
| 18:49 | Queue | Villager (Male) |
| 18:50 | Build | House |
| 18:53 | Build | Palisade Wall |
| 18:54 | Build | Palisade Wall |
| 18:56 | Build | Palisade Wall |
| 18:57 | Build | Palisade Wall |
| 18:58 | Build | Palisade Wall |
| 19:07 | Queue | Villager (Male) |
| 19:13 | Queue | Spearman |
| 19:20 | Queue | Villager (Male) |
| 19:24 | Queue | Skirmisher |
| 19:24 | Queue | Skirmisher |
| 19:25 | Queue | Spearman |
| 19:29 | Research | Wheelbarrow |
| 19:42 | Queue | Villager (Male) |
| 19:47 | Queue | Skirmisher |
| 20:23 | Queue | Villager (Male) |
| 20:28 | Research | Padded Archer Armor |
| 20:28 | Research | Padded Archer Armor |
| 20:29 | Queue | Skirmisher |
| 21:15 | Queue | Villager (Male) |
| 21:16 | Build | Market |
| 21:40 | Build | House |
| 21:49 | Research | Scale Mail Armor |
| 22:02 | Research | Castle Age |
| 22:24 | Queue | Skirmisher |
| 22:33 | Build | Palisade Wall |
Match timeline
| 2:14 | m0re · wall_segment Palisade Wall x1 |
| 2:16 | m0re · wall_segment Palisade Wall x1 |
| 2:16 | m0re · wall_segment Palisade Wall x1 |
| 2:17 | m0re · wall_segment Palisade Wall x1 |
| 2:17 | m0re · wall_segment Palisade Wall x1 |
| 2:18 | m0re · wall_segment Palisade Wall x1 |
| 2:18 | m0re · wall_segment Palisade Wall x1 |
| 2:35 | m0re · wall_segment Palisade Wall x1 |
| 2:37 | m0re · wall_segment Palisade Wall x1 |
| 2:38 | m0re · wall_segment Palisade Wall x1 |
| 2:39 | m0re · wall_segment Palisade Wall x1 |
| 4:46 | Valas · wall_segment Palisade Wall x1 |
| 5:33 | Valas · wall_segment Palisade Wall x1 |
| 5:34 | Valas · wall_segment Palisade Wall x1 |
| 5:35 | Valas · wall_segment Palisade Wall x1 |
| 6:32 | Valas · first_building Barracks |
| 7:24 | m0re · wall_segment Palisade Wall x15 |
| 8:01 | Valas · wall_segment Palisade Wall x1 |
| 8:01 | Valas · wall_segment Palisade Wall x1 |
| 8:02 | Valas · wall_segment Palisade Wall x1 |
| 8:02 | Valas · wall_segment Palisade Wall x1 |
| 8:14 | m0re · wall_segment Palisade Wall x9 |
| 8:17 | m0re · wall_segment Palisade Wall x1 |
| 8:21 | Valas · wall_segment Palisade Wall x4 |
| 8:24 | Valas · wall_segment Palisade Wall x9 |
| 8:25 | Valas · wall_segment Palisade Wall x1 |
| 8:31 | m0re · first_building Barracks |
| 9:15 | m0re · age_up feudal |
| 10:37 | Valas · age_up feudal |
| 10:44 | Valas · first_building Archery Range |
| 11:06 | m0re · first_building Archery Range |
| 11:39 | m0re · wall_segment Palisade Wall x1 |
| 11:39 | m0re · wall_segment Palisade Wall x1 |
| 11:39 | m0re · wall_segment Palisade Wall x1 |
| 11:40 | m0re · wall_segment Palisade Wall x1 |
| 11:40 | m0re · wall_segment Palisade Wall x1 |
| 11:40 | m0re · wall_segment Palisade Wall x1 |
| 12:53 | m0re · wall_segment Palisade Wall x1 |
| 14:27 | m0re · wall_segment Palisade Wall x1 |
| 14:28 | m0re · wall_segment Palisade Wall x1 |
| 16:07 | Valas · first_building Stable |
| 16:50 | Valas · wall_segment Palisade Wall x1 |
| 18:13 | Valas · wall_segment Palisade Wall x5 |
| 18:29 | Valas · wall_segment Palisade Wall x1 |
| 18:53 | m0re · wall_segment Palisade Wall x1 |
| 18:54 | m0re · wall_segment Palisade Wall x1 |
| 18:56 | m0re · wall_segment Palisade Wall x1 |
| 18:57 | m0re · wall_segment Palisade Wall x1 |
| 18:58 | m0re · wall_segment Palisade Wall x1 |
| 20:20 | Valas · wall_segment Palisade Wall x1 |
| 22:02 | m0re · first_market_sell 100 food |
| 22:33 | m0re · wall_segment Palisade Wall x1 |
| 22:34 | m0re · wall_segment Palisade Wall x1 |
| 24:03 | m0re · wall_segment Palisade Wall x1 |
| 24:03 | m0re · wall_segment Palisade Wall x1 |
| 24:05 | m0re · wall_segment Palisade Wall x1 |
| 24:27 | m0re · first_market_buy 100 wood |
| 24:40 | m0re · wall_segment Palisade Wall x1 |
| 24:41 | m0re · wall_segment Palisade Wall x1 |
| 24:42 | m0re · age_up castle |
| 24:48 | m0re · first_building Siege Workshop |
| 25:48 | m0re · first_building Monastery |
| 25:56 | Valas · wall_segment Stone Wall x7 |
| 26:04 | m0re · wall_segment Palisade Wall x1 |
| 26:05 | Valas · wall_segment Stone Wall x1 |
| 26:07 | m0re · wall_segment Palisade Wall x1 |
| 26:07 | Valas · wall_segment Stone Wall x1 |
| 26:07 | m0re · wall_segment Palisade Wall x1 |
| 26:10 | Valas · wall_segment Stone Wall x1 |
| 26:14 | Valas · wall_segment Stone Wall x1 |
| 26:36 | Valas · wall_segment Palisade Wall x1 |
| 26:36 | Valas · wall_segment Palisade Wall x1 |
| 26:36 | Valas · wall_segment Palisade Wall x1 |
| 26:39 | Valas · wall_segment Palisade Wall x1 |
| 26:39 | m0re · wall_segment Palisade Wall x5 |
| 26:39 | Valas · wall_segment Palisade Wall x1 |
| 26:41 | Valas · wall_segment Palisade Wall x8 |
| 27:40 | m0re · wall_segment Palisade Wall x1 |
| 27:41 | m0re · wall_segment Palisade Wall x1 |
| 27:47 | Valas · age_up castle |
| 28:06 | m0re · wall_segment Stone Wall x1 |
| 28:15 | Valas · first_building Siege Workshop |
| 28:47 | m0re · wall_segment Palisade Wall x5 |
| 28:50 | m0re · wall_segment Palisade Wall x1 |
| 29:54 | m0re · resign |
[ AI ANALYSIS · 1 CREDIT ]
What really happened in this match?
Wolo.gg analyzes every decision: build order, eco, micro, common mistakes by bracket. Personalized analysis on WhatsApp or Discord in 30 seconds.
Civ guide
Huns
Perfil
Jugador #628503